AoeStats
← WizWiz

Arabia

506018662Analyzed
2v2 RM · 19d ago on Sep 12, 2026· 56m 38s· 4 players
Game mode
Random Map
Map size
Medium (4 player)
Population
200
Speed
Normal
Resources
Standard
Victory
Conquest
Starting age
Dark Age
Ending age
Imperial Age
RankedLock teamsTeams togetherTeam positionsShared explorationLock speedFull tech treeHidden civsTurbo modeCheats
Victory
Defeat
🇨🇱 Chinese · Chile
1397
+21
🇨🇱 Lithuanians · Chile
1397
+21
🇲🇽 Vietnamese · Mexico
1672
-27
🇨🇴 Magyars · Colombia
1369
-15
WizWiz
0:27 Loom
9:00 Feudal Age
9:42 Double-Bit Axe
14:21 Fletching
17:37 Horse Collar
21:57 Castle Age
21:59 Crossbowman
22:43 Bodkin Arrow
23:24 Bow Saw
27:09 Ballistics
30:10 Padded Archer Armor
30:28 Heavy Plow
33:05 Wheelbarrow
42:39 Imperial Age
42:46 Arbalester
43:27 Bracer
44:06 Leather Archer Armor
45:51 Chemistry
44:55 Capped Ram
47:13 Conscription
47:46 Thumb Ring
50:44 Guard Tower
56:40 Two-Man Saw
56:24 Gold Mining
Fito
6:32 Loom
10:39 Feudal Age
11:07 Double-Bit Axe
20:41 Castle Age
19:43 Gold Mining
19:35 Horse Collar
21:13 Scale Barding Armor
21:23 Forging
21:31 Bloodlines
22:08 Bow Saw
30:38 Squires
32:12 Chain Barding Armor
36:33 Husbandry
40:34 Wheelbarrow
39:45 Town Watch
45:17 Imperial Age
43:34 Heavy Plow
43:39 Fletching
44:34 Elite Skirmisher
45:19 Thumb Ring
45:50 Bodkin Arrow
46:42 Scale Mail Armor
48:05 Ballistics
48:54 Iron Casting
Ux'mariidelvalle
5:59 Loom
9:21 Feudal Age
10:00 Double-Bit Axe
15:56 Fletching
18:45 Padded Archer Armor
21:55 Castle Age
20:17 Gold Mining
22:39 Bloodlines
22:52 Bodkin Arrow
25:29 Husbandry
29:49 Ballistics
30:43 Leather Archer Armor
49:36 Corvinian Army
56:23 Light Cavalry
Ux'Combita
7:25 Loom
9:35 Feudal Age
10:25 Double-Bit Axe
10:35 Horse Collar
16:48 Wheelbarrow
20:30 Castle Age
19:12 Gold Mining
20:27 Bloodlines
20:38 Scale Barding Armor
21:59 Husbandry
22:24 Chain Barding Armor
26:55 Forging
28:07 Husbandry
30:23 Scale Mail Armor
30:44 Hand Cart
31:49 Iron Casting
32:20 Scale Mail Armor
33:25 Chain Mail Armor
33:38 Bow Saw
33:28 Heavy Plow
33:19 Stone Mining
41:38 Imperial Age
40:12 Town Watch
41:06 Stone Shaft Mining
41:11 Squires
40:56 Arson
42:56 Plate Mail Armor
43:16 Plate Barding Armor
42:23 Light Cavalry
42:44 Elite Fire Lancer
45:37 Paper Money
47:27 Cavalier
48:00 Fletching
53:57 Bodkin Arrow
Connection lost

Rejoining the realm…

Still unreachable

The connection could not be restored.

Session expired

The server has moved on; the page needs a fresh start.